 Dungeon Sprint DCSS version 0.20.1-1-g8b1a95d (webtiles) character file.

459 suicidejoker the Covert (level 7, -8/41 HPs)
             Began as an Octopode Enchanter on Sept 5, 2017.
             Was a Believer of Cheibriados.
             Mangled by an orc warrior
             ... wielding a +0 scimitar
              (18 damage)
             ... in the Dungeon (Sprint IX: "|||||||||||||||||||||||||||||").
             The game lasted 00:01:50 (277 turns).

suicidejoker the Covert (Octopode Enchanter)         Turns: 277, Time: 00:01:51

Health: -8/41      AC:  1    Str: 14    XL:     7   Next: 6%
Magic:  12/16      EV: 18    Int: 24    God:    Cheibriados [**....]
Gold:   0          SH:  0    Dex: 19    Spells: 9/18 levels left

rFire    . . .     SeeInvis .   n - +2 rapier (distort)
rCold    . . .     Gourm    .   (no shield)
rNeg     . . .     Faith    .   (helmet restricted)
rPois    .         Spirit   .   (no amulet)
rElec    .         Reflect  .   o - +3 ring of dexterity
rCorr    .         Harm     .   p - +3 ring of intelligence
MR       .....     NoTele   +   (no ring)
Stlth    ++++++....             (no ring)
Regen    0.2/turn               (no ring)
MPRegen  0.2/turn               (no ring)
                                (no ring)
                                (no ring)

@: lethally poisoned (-8 -> -11), very slow
A: almost no armour, stealthy swim, amphibious, 8 rings, constrict 8, camouflage
1, gelatinous body 1
a: Bend Time, Renounce Religion


You were in the Dungeon.
You worshipped Cheibriados.
Cheibriados was pleased with you.
You were not hungry.

You visited 1 branch

Inventory:

Hand Weapons
 a - a +1 dagger
 n - a +2 rapier of distortion (weapon)
Jewellery
 o - a +3 ring of dexterity (left tentacle)
 p - a +3 ring of intelligence (right tentacle)
Wands
 m - a wand of acid (7/15)
Scrolls
 i - 2 scrolls of blinking
 k - 3 scrolls of remove curse
 l - 2 scrolls of amnesia
Potions
 d - 5 potions of curing
 e - 3 potions of heal wounds
 f - a potion of haste
 g - 4 potions of magic
 h - a potion of berserk rage
 j - a potion of invisibility
Books
 b - a book of Maledictions

   Spells                             Type                      Level
   a - Corona                         Hexes                        1
   b - Ensorcelled Hibernation        Hexes/Ice                    2
   c - Confuse                        Hexes                        3
   d - Tukima's Dance                 Hexes                        3
   e - Dazzling Spray                 Conjuration/Hexes            3
Comestibles
 c - a bread ration


   Skills:
 + Level 6.5 Short Blades
 + Level 6.8 Dodging
 + Level 10.1 Stealth
 + Level 6.2 Spellcasting
 + Level 7.2 Hexes


You had 9 spell levels left.
You knew the following spells:

 Your Spells              Type           Power        Failure   Level  Hunger
a - Corona                Hex            #####..      1%          1    None
b - Ensorcelled Hibernat  Hex/Ice        ###...       2%          2    None
c - Dazzling Spray        Conj/Hex       ###...       5%          3    #......
d - Confuse               Hex            #####...     1%          3    #......


Dungeon Overview and Level Annotations

Branches:
Dungeon (1/1)

Altars:
Cheibriados
Dithmenos
Elyvilon
Fedhas
Gozag
Hepliaklqana
Kikubaaqudgha
Makhleb
Nemelex Xobeh
Okawaru
Qazlal
Ru
Sif Muna
Trog
Uskayaw
Vehumet
Xom
Yredelemnul
Zin
The Shining One
Beogh
Jiyva
Lugonu


Innate Abilities, Weirdness & Mutations

You cannot wear most types of armour.
You are very stealthy in the water. (Stealth+)
You are amphibious.
You can wear up to eight rings at the same time.
You can use your tentacles to constrict eight enemies at once.
Your skin changes colour to match your surroundings (Stealth+).
Your rubbery body absorbs attacks. (AC +1, EV +1)


Message History

Cheibriados appreciates the change of pace.
You feel sick.
You closely miss the orc warrior. You grab the orc warrior.
You constrict the orc warrior, but do no damage.
The orc warrior barely misses you.
You hit the orc warrior.
Space bends around the orc warrior.
The orc warrior is lightly wounded.
You constrict the orc warrior, but do no damage.
You hit the orc warrior but do no damage.
The orc warrior looks slightly unstable.
You squeeze the orc warrior.
The orc warrior is moderately wounded.
You constrict the orc warrior.
You feel sick. The orc warrior closely misses you.
You hit the orc warrior but do no damage.
Space bends around the orc warrior.
The orc warrior is heavily wounded.
You constrict the orc warrior.
The orc warrior hits you with a scimitar!!
You die... ▓▓▓▓▓▓▓▓▓▓▓▓▓▓▓▓▓▓▓▓▓▓▓▓ +.....o@..[[[)|..'____._ ▓▓▓▓▓▓▓▓▓▓▓▓▓▓▓▓▓▓▓▓▓▓▓▓

You could see an orc warrior.

Vanquished Creatures
  A gargoyle (D)
  A killer bee (D)
  2 worker ants (D)
  2 adders (D)
  An ooze (D)
  An adder zombie (D)
  An orc (D)
  A jackal (D)
  A kobold (D)
  2 frilled lizards (D)
  A rat (D)
14 creatures vanquished.

Vanquished Creatures (others)
  An orc warrior (D)
1 creature vanquished.

Grand Total: 15 creatures vanquished

Notes
Turn   | Place    | Note
-------+----------+-------------------------------------------
     0 | D        | suicidejoker the Octopode Enchanter began the quest for the Orb.
     0 | D        | Reached XP level 1. HP: 11/11 MP: 3/3
   104 | D        | Noticed a worker ant
   104 | D        | Noticed a worker ant
   106 | D        | Reached XP level 2. HP: 17/17 MP: 3/5
   108 | D        | Reached skill level 5 in Stealth
   108 | D        | Reached XP level 3. HP: 21/21 MP: 3/7
   119 | D        | Reached skill level 6 in Stealth
   119 | D        | Reached XP level 4. HP: 23/27 MP: 4/9
   197 | D        | Learned a level 2 spell: Ensorcelled Hibernation
   201 | D        | Learned a level 3 spell: Dazzling Spray
   205 | D        | Learned a level 3 spell: Confuse
   206 | D        | Found a roughly hewn altar of Beogh.
   206 | D        | Found a snail-covered altar of Cheibriados.
   206 | D        | Found a shadowy altar of Dithmenos.
   206 | D        | Found a white marble altar of Elyvilon.
   206 | D        | Found a blossoming altar of Fedhas.
   206 | D        | Found an opulent altar of Gozag.
   207 | D        | Found a hazy altar of Hepliaklqana.
   208 | D        | Found a viscous altar of Jiyva.
   209 | D        | Found an ancient bone altar of Kikubaaqudgha.
   210 | D        | Became a worshipper of Cheibriados the Contemplative
   211 | D        | Found a corrupted altar of Lugonu.
   212 | D        | Found a burning altar of Makhleb.
   213 | D        | Found a sparkling altar of Nemelex Xobeh.
   214 | D        | Found an iron altar of Okawaru.
   215 | D        | Found a stormy altar of Qazlal.
   216 | D        | Found a sacrificial altar of Ru.
   217 | D        | Found a deep blue altar of Sif Muna.
   218 | D        | Found a bloodstained altar of Trog.
   219 | D        | Found a hide-covered altar of Uskayaw.
   220 | D        | Found a radiant altar of Vehumet.
   222 | D        | Found a shimmering altar of Xom.
   223 | D        | Found a basalt altar of Yredelemnul.
   224 | D        | Found a glowing silver altar of Zin.
   225 | D        | Found a glowing golden altar of the Shining One.
   257 | D        | Noticed an orc warrior
   257 | D        | Noticed an orc warrior
   257 | D        | Noticed a gargoyle
   260 | D        | Killed a gargoyle
   260 | D        | Reached skill level 5 in Short Blades
   260 | D        | Reached skill level 9 in Stealth
   260 | D        | Reached skill level 5 in Spellcasting
   260 | D        | Reached XP level 5. HP: 31/31 MP: 10/13
   260 | D        | Reached XP level 6. HP: 36/36 MP: 10/14
   265 | D        | Reached * piety under Cheibriados
   269 | D        | Banished an orc warrior
   269 | D        | Reached skill level 10 in Stealth
   269 | D        | Reached XP level 7. HP: 12/41 MP: 11/16
   270 | D        | Reached ** piety under Cheibriados
   277 | D        | Mangled by an orc warrior

Skill      XL: |  1  2  3  4  5  6 |
---------------+-------------------+-----
Short Blades   | 2 3 5 6 |  6.5
Dodging        | 3 6 |  6.8
Stealth        | 5 6 9 10 | 10.1
Spellcasting   | 3 5 6 |  6.2
Hexes          | 4 6 7 |  7.2

Action                   |  1- 3 |  4- 6 |  7- 9 || total
-------------------------+-------+-------+-------++-------
Melee: Dagger            |    20 |     4 |       ||    24
       Constrict         |     3 |     3 |     3 ||     9
       Tentacles         |     2 |     1 |     2 ||     5
       Rapier            |       |    11 |     8 ||    19
 Stab: Sleeping          |     3 |       |       ||     3
Armor: Skin              |     1 |       |       ||     1
Dodge: Dodged            |    11 |    10 |     4 ||    25
